 Dungeon Crawl Stone Soup version 0.32-a0-450-g080537f31e (webtiles) character file.

Game seed: 2037645334802515665

277 gebbletook2 the Sneak (level 6, 0/28 HPs)
             Began as a Spriggan Enchanter on Feb 24, 2024.
             Slain by a ball python (1 damage)
             ... on level 4 of the Dungeon.
             The game lasted 00:06:55 (3169 turns).

gebbletook2 the Sneak (Spriggan Enchanter)          Turns: 3169, Time: 00:06:56

Health: 0/28       AC:  3    Str:  4    XL:     6   Next: 4%
Magic:  0/12       EV: 16    Int: 17    God:
Gold:   162        SH:  0    Dex: 17    Spells: 7/12 levels left

rFire   . . .        a - +2 dagger
rCold   . . .        (no shield)
rNeg    . . .        b - +1 robe
rPois   .            (helmet restricted)
rElec   .            (no cloak)
rCorr   .            (gloves unavailable)
SInv    +            (boots unavailable)
Will    +....        d - amulet of guardian spirit
Stlth   ++++         (no ring)
HPRegen 0.24/turn    (no ring)
MPRegen 0.13/turn

%: guardian spirit
@: constricted, very quick
A: very small, no large weapons, unfitting armour, see invisible, speed 3
a: no special abilities


You were on level 4 of the Dungeon.
You visited 1 branch of the dungeon, and saw 4 of its levels.

You collected 162 gold pieces.

Inventory:

Hand Weapons
 a - a +2 dagger (weapon)
Missiles
 f - 6 poisoned darts
 k - a throwing net
Armour
 b - a +1 robe (worn)
Jewellery
 d - an amulet of guardian spirit (around neck)
Scrolls
 h - a scroll of enchant armour
 i - a scroll of revelation
 j - a scroll of torment
 l - a scroll of teleportation
Potions
 c - 2 potions of invisibility
 e - 2 potions of haste
 g - a potion of curing


   Skills:
 + Level 2.2 Short Blades
 * Level 1.2 Throwing
 * Level 4.2 Dodging
 * Level 7.1 Stealth
 * Level 3.7 Spellcasting
 - Level 4.4 Hexes
 * Level 0.9 Ice Magic


You had 7 spell levels left.
You knew the following spells:

 Your Spells              Type           Power      Damage    Failure   Level
a - Ensorcelled Hibernat  Hex/Ice        24%        N/A       9%          2
b - Tukima's Dance        Hex            18%        N/A       8%          3

Your spell library contained the following spells:

 Spells                   Type           Power      Damage    Failure   Level
 Confusing Touch          Hex            18%        N/A       8%          3
 Sigil of Binding         Hex            18%        N/A       8%          3
 Dazzling Flash           Conj/Hex       20%        N/A       21%         3
 Blink                    Tloc           6%         N/A       24%         2
 Lesser Beckoning         Tloc           6%         N/A       24%         2
 Momentum Strike          Conj/Tloc      6%         3d8       24%         2
 Call Canine Familiar     Summ           3%         N/A       43%         3
 Mephitic Cloud           Conj/Alch/Air  3%         N/A       43%         3
 Dimensional Bullseye     Hex/Tloc       5%         N/A       54%         4
 Silence                  Hex/Air        5%         N/A       88%         5
 Curse of Agony           Necr           3%         N/A       99%         5


Dungeon Overview and Level Annotations

Branches:
Dungeon (4/15)
 Temple: D:4-7

Altars:


Innate Abilities, Weirdness & Mutations

You are very small and have problems with some larger weapons.
You are too small for most types of armour.
You have supernaturally acute eyesight. (SInv)
You cover ground extremely quickly. (Speed+++)


Message History

The endoplasm closely misses you. The goblin closely misses you.
The kobold misses you. The goblin hits you but does no damage.
The endoplasm barely misses you. The ball python bites you.
The ball python grabs you. The ball python constricts you.
The bombardier beetle closely misses you.
The kobold closely misses you. The endoplasm misses you.
The goblin barely misses you. The ball python misses you.
The ball python constricts you. The kobold barely misses you.
The endoplasm freezes you.
You are frozen.
The goblin misses you. The ball python bites you.
The ball python constricts you. The bombardier beetle misses you.
The ball python barely misses you. The ball python constricts you.
The kobold hits you but does no damage. The goblin hits you with a +0 dagger.
The endoplasm freezes you.
You are frozen.
The bombardier beetle completely misses you.
The ball python completely misses you. The ball python constricts you.
The kobold misses you. The endoplasm closely misses you. The goblin misses you.
The ball python completely misses you. The ball python constricts you.
The kobold closely misses you. The endoplasm freezes you.
You are frozen.
* * * LOW HITPOINT WARNING * * *
The goblin misses you.
The bombardier beetle closely misses you.
The ball python bites you.
* * * LOW HITPOINT WARNING * * *
The ball python constricts you.
Unknown command.
Unknown command.
Unknown command.
The kobold misses you. The endoplasm freezes you.
You are frozen.
* * * LOW HITPOINT WARNING * * *
The goblin hits you with a +0 dagger.
* * * LOW HITPOINT WARNING * * *
The ball python bites you.
You die...

#.... #....##..
###....#..
.....=.. #.....##
##......#
##....KB.#
#.....g@<#
...#...JS.##..#
#...†.......#
............#....
...........## ..#
..>[......... .#
.....##.....#. #
....! ....... ..
.............. #


You could see a bombardier beetle, an endoplasm, a goblin, a ball python and a
kobold.

Vanquished Creatures
  2 hounds (D:4)
  Natasha (thrice) (D:2)
  4 gnolls (D:3)
  3 adders (D:3)
  A ribbon worm (D:2)
  3 orcs (D:3)
  5 endoplasms
  3 giant cockroaches
  10 goblins
  7 hobgoblins
  7 jackals
  3 ball pythons
  5 bats
  5 frilled lizards
  8 kobolds
  6 rats
75 creatures vanquished.

Notes
Turn   | Place    | Note
-------+----------+-------------------------------------------
     0 | D:1      | gebbletook2 the Spriggan Enchanter began the quest for the
                  | Orb.
     0 | D:1      | Reached XP level 1. HP: 9/9 MP: 5/5
   266 | D:1      | Reached XP level 2. HP: 13/13 MP: 6/6
  1082 | D:2      | Reached skill level 5 in Stealth
  1085 | D:2      | Reached XP level 3. HP: 9/16 MP: 4/8
  1276 | D:2      | Noticed Natasha
  1289 | D:2      | Killed Natasha
  1300 | D:2      | Learned a level 2 spell: Ensorcelled Hibernation
  1304 | D:2      | Learned a level 3 spell: Tukima's Dance
  1534 | D:2      | Noticed Natasha
  1549 | D:2      | Reached XP level 4. HP: 21/21 MP: 5/9
  1900 | D:2      | Killed Natasha
  1902 | D:2      | Noticed Natasha
  1908 | D:2      | Killed Natasha
  1909 | D:2      | Reached skill level 6 in Stealth
  2150 | D:3      | Reached XP level 5. HP: 24/24 MP: 8/11
  2857 | D:3      | Found a faded altar of an unknown god.
  2930 | D:3      | Reached skill level 1 in Throwing
  3153 | D:4      | Reached skill level 7 in Stealth
  3158 | D:4      | Reached XP level 6. HP: 20/28 MP: 3/12
  3169 | D:4      | HP: 1/28 [goblin/+0 dagger (1)]
  3169 | D:4      | Slain by a ball python

Illustrated notes

Levels and vault maps discovered:
D:1:      dpeg_chamrin_arrival_tetris, layout_basic, serial_corexii_hall,
          chequers_hall_statues_wall_a, corexii_hall_statues_x, minivault_26,
          minmay_distorted
D:2:      layout_basic, kennysheep_path_1, minmay_circle_x, uniq_natasha
D:3:      layout_loops_ring, shapermc_ecumenical_altar_mp_vishouse
D:4:      layout_rooms

Skill      XL: |  1  2  3  4  5 |
---------------+----------------+-----
Hexes          | 4 |  4.4
Dodging        | 3 4 |  4.2
Stealth        | 5 6 7 |  7.1
Spellcasting   | 3 |  3.7
Short Blades   | 2 |  2.2
Throwing       | 1 |  1.2
Ice Magic      | |  0.9

Action                     |  1- 3 |  4- 6 || total
---------------------------+-------+-------++-------
  Melee: Dagger            |   124 |   117 ||   241
  Throw: Dart              |       |    12 ||    12
   Cast: Ensorcelled Hiber |     4 |    16 ||    20
    Use: Scroll            |     5 |     5 ||    10
   Stab: Sleeping          |     9 |    15 ||    24
         Distracted        |       |     2 ||     2
 Armour: Robe              |    33 |    51 ||    84
  Dodge: Dodged            |   114 |   118 ||   232

Table legend: (Time is in decaauts)
 A = Elapsed time spent in this place.
 B = Non-inter-level travel time spent in this place.
 C = Inter-level travel time spent in this place.
 D = Time resting spent in this place.
 E = Time spent auto-exploring this place.
 F = Levels seen in this place.
 G = Mean time per level.
                   A        B        C        D        E       F      G
               +--------+--------+--------+--------+--------+-----+--------+
         Total |   2289 |   2252 |     37 |    158 |   1521 |   4 |  572.2 |
       Dungeon |   2289 |   2252 |     37 |    158 |   1521 |   4 |  572.2 |
               +--------+--------+--------+--------+--------+-----+--------+

Top non-repeatable levels by time:
     D:2: 833 daAuts
     D:3: 737 daAuts
     D:1: 699 daAuts
     D:4: 19 daAuts
